AoeStats
← Swareee

Arabia

510419965Analyzed
1v1 RM · 10h ago on Sep 30, 2026· 10m 53s· 2 players
Game mode
Random Map
Map size
Tiny (2 player)
Population
200
Speed
Normal
Resources
Standard
Victory
Conquest
Starting age
Dark Age
Ending age
Imperial Age
RankedLock teamsTeams togetherTeam positionsShared explorationLock speedFull tech treeHidden civsTurbo modeCheats
Victory
Defeat
🇦🇷 Chinese · Argentina
1857
+16
🇨🇳 Celts · China
1867
-16
ElsterAur
0:26 Loom
9:06 Feudal Age
9:09 Man-at-Arms
9:54 Double-Bit Axe
Swareee
6:22 Loom
8:55 Feudal Age
9:26 Double-Bit Axe
9:11 Man-at-Arms
Connection lost

Rejoining the realm…

Still unreachable

The connection could not be restored.

Session expired

The server has moved on; the page needs a fresh start.